 Dungeon Crawl Stone Soup version 0.27-a0-1184-ge86db4a01e (webtiles) character file.

Game seed: 12523802316655438947

1052 wakim the Shield-Bearer (level 8, -1/67 HPs)
             Began as a Gnoll Fighter on May 18, 2021.
             Was a Believer of Qazlal.
             Slain by a two-headed ogre
             ... wielding a +0 giant club
              (14 damage)
             ... on level 5 of the Dungeon.
             The game lasted 00:15:42 (4938 turns).

wakim the Shield-Bearer (Gnoll Fighter)             Turns: 4938, Time: 00:15:42

Health: -1/67      AC: 20    Str: 15    XL:     8   Next: 26%
Magic:  12/12      EV:  4    Int: 11    God:    Qazlal [**....]
Gold:   977        SH: 12    Dex: 11    Spells: 13/13 levels left

rFire    . . .     SeeInvis +   a - +1 trident (vorpal)
rCold    . . .     Faith    .   c - +0 kite shield
rNeg     . . .     Spirit   .   j - +1 plate armour
rPois    .         Reflect  .   m - +0 helmet {SInv}
rElec    .         Harm     .   l - +2 cloak
rCorr    .         Rampage  .   f - +0 pair of gloves
Will     .....                  (no boots)
Stlth    ..........             d - amulet of regeneration
HPRegen  1.21/turn              (no ring)
MPRegen  0.13/turn              (no ring)

@: no status effects
A: fangs 1, strong nose, distributed training
a: Renounce Religion, Upheaval


You were on level 5 of the Dungeon.
You worshipped Qazlal.
Qazlal was pleased with you.
You visited 1 branch of the dungeon, and saw 6 of its levels.

You collected 977 gold pieces.

Inventory:

Hand Weapons
 a - a +1 vorpal trident (weapon)
 b - a +0 dagger of venom
Missiles
 e - 46 bolts
 h - 6 boomerangs
 i - a throwing net {=f!f}
 n - 18 poisoned darts (quivered)
Armour
 c - a +0 kite shield (worn)
 f - a +0 pair of gloves (worn)
 j - a +1 plate armour (worn)
 l - a +2 cloak (worn)
 m - a +0 helmet of see invisible (worn)
Jewellery
 d - an amulet of regeneration (around neck)
 g - a ring of ice
Scrolls
 k - a scroll of enchant armour
 o - a scroll of enchant weapon
 r - 2 scrolls of identify
 T - 2 scrolls of teleportation
 U - a scroll of fear
 X - a scroll of fog
Potions
 C - a potion of berserk rage {!q}
 G - a potion of flight
 H - 2 potions of haste
 K - a potion of magic
 L - a potion of lignification {!q}
 N - 2 potions of might


   Skills:
 + Level 7.3 Fighting
 + Level 3.1 Short Blades
 + Level 3.1 Long Blades
 + Level 3.1 Axes
 + Level 3.1 Maces & Flails
 + Level 5.6 Polearms
 + Level 3.1 Staves
 + Level 3.1 Slings
 + Level 3.1 Bows
 + Level 3.1 Crossbows
 + Level 3.1 Throwing
 + Level 7.3 Armour
 + Level 3.1 Dodging
 + Level 3.1 Stealth
 + Level 7.3 Shields
 + Level 3.1 Unarmed Combat
 + Level 3.1 Spellcasting
 + Level 2.5 Conjurations
 + Level 2.5 Hexes
 + Level 2.5 Summonings
 + Level 2.5 Necromancy
 + Level 2.5 Translocations
 + Level 2.5 Transmutations
 + Level 2.5 Fire Magic
 + Level 2.5 Ice Magic
 + Level 2.5 Air Magic
 + Level 2.5 Earth Magic
 + Level 2.5 Poison Magic
 + Level 3.4 Invocations
 + Level 3.1 Evocations


You had 13 spell levels left.
You didn't know any spells.
Your spell library contained the following spells:

 Spells                   Type           Power      Damage    Failure   Level
 Magic Dart               Conj           28%        1d4       100%        1
 Sandblast                Erth           14%        2d6       100%        1
 Blink                    Tloc           N/A        N/A       100%        2
 Call Imp                 Summ           7%         N/A       100%        2
 Passwall                 Tmut/Erth      5%         N/A       100%        2
 Slow                     Hex            7%         N/A       100%        2
 Conjure Flame            Conj/Fire      7%         6-21      100%        3
 Mephitic Cloud           Conj/Pois/Air  7%         N/A       100%        3
 Stone Arrow              Conj/Erth      14%        3d7       100%        3
 Petrify                  Tmut/Erth      7%         N/A       100%        4
 Lee's Rapid Deconstruct  Erth           3%         3d6*      100%        5


Dungeon Overview and Level Annotations

Branches:
Dungeon (6/15)
 Temple: D:4-7

Altars:
Fedhas
Qazlal

Annotations:
D:2 1 runed translucent door, Crazy Yiuf
D:3 Sigmund


Innate Abilities, Weirdness & Mutations

You have very sharp teeth.
Your uncanny sense of smell can sniff out nearby items.
Your experience applies equally to all skills.


Message History

The two-headed ogre hits you with a +4 great mace!
Throw: 21 darts (poison)
Press: ? - help, Q - select action, (/) - cycle Shift-Dir - straight line, f/p - two-headed ogre
Aim: a two-headed ogre, wielding a +0 giant club and a +4 great mace (moderately wounded, 75% to hit)
You throw a poisoned dart.
The poisoned dart hits the two-headed ogre.
The two-headed ogre is poisoned.
The two-headed ogre is moderately wounded.
The two-headed ogre hits you with a +0 giant club.
The two-headed ogre hits you with a +4 great mace.
Throw: 20 darts (poison)
Press: ? - help, Q - select action, (/) - cycle Shift-Dir - straight line, f/p - two-headed ogre
Aim: a two-headed ogre, wielding a +0 giant club and a +4 great mace (heavily wounded, poisoned, 74% to hit)
You throw a poisoned dart.
The poisoned dart hits the two-headed ogre.
The two-headed ogre looks even sicker.
The two-headed ogre is heavily wounded.
You block the two-headed ogre's attack. The two-headed ogre barely misses you.
An adder comes into view.
The adder hisses angrily.
The adder bites you but does no damage.
Throw: 19 darts (poison)
Press: ? - help, Q - select action, (/) - cycle Shift-Dir - straight line, f/p - two-headed ogre
Aim: a two-headed ogre, wielding a +0 giant club and a +4 great mace (heavily wounded, poisoned, 74% to hit)
You throw a poisoned dart. The poisoned dart hits the adder.
The adder is poisoned.
The adder bites you.
Your plate armour prevents you from hitting the two-headed ogre.
The two-headed ogre is heavily wounded.
You hit the two-headed ogre.
The two-headed ogre is severely wounded.
The two-headed ogre hits you with a +0 giant club!
The two-headed ogre barely misses you.
You puncture the two-headed ogre!
The two-headed ogre is almost dead.
The adder looks more healthy.
The two-headed ogre hits you with a +0 giant club!!
* * * LOW HITPOINT WARNING * * *
The two-headed ogre hits you with a +4 great mace!
You die...

#. ### ##### #. #(# #...#
#.
########.#########...#####.
#..........................
##.#####>................#.
#.# #...................
#.# #(#.###..#.#######.#
#.# #(#@# #..#.#######.#
#.# #.#O# #.............
#.# #.#S###.##.########.
#.# #..........# #. #.#
###.###.#### ## #.#
##.....####### #
#.######.....##.....######
#.............+.......(...
########.....##.....######


You could see a two-headed ogre (poisoned) and an adder.

Vanquished Creatures
  An ice beast (D:6)
  A black bear (D:3)
  An ogre (D:3)
  A phantom (D:5)
  A bullfrog (D:6)
  A wyvern zombie (D:5)
  A wyvern skeleton (D:5)
  A centaur zombie (D:6)
  3 hounds
  Natasha (twice) (D:2)
  2 iguanas (D:5)
  2 bullfrog skeletons
  An orc wizard (D:3)
  2 hound skeletons (D:5)
  Robin (D:4)
  3 adders
  3 gnolls (D:6)
  A shadow imp (D:5)
  An ufetubus (D:4)
  A worm (D:2)
  An adder skeleton (D:4)
  2 dart slugs
  5 orcs
  12 endoplasms
  11 goblins
  12 hobgoblins
  10 jackals
  2 quokkas
  7 ball pythons
  5 bats
  2 frilled lizards (D:1)
  9 kobolds
  7 rats
115 creatures vanquished.

Vanquished Creatures (others)
  An orc wizard (D:3)
  2 fungi (D:3)
  33 plants (D:6)
36 creatures vanquished.

Grand Total: 151 creatures vanquished

Notes
Turn   | Place    | Note
-------+----------+-------------------------------------------
     0 | D:1      | wakim the Gnoll Fighter began the quest for the Orb.
     0 | D:1      | Reached XP level 1. HP: 23/23 MP: 1/1
   144 | D:1      | Reached XP level 2. HP: 24/29 MP: 2/2
   660 | D:1      | Reached XP level 3. HP: 35/35 MP: 3/3
   837 | D:2      | Reached skill level 1 in Invocations
  1021 | D:2      | Reached skill level 1 in Short Blades
  1021 | D:2      | Reached skill level 1 in Long Blades
  1021 | D:2      | Reached skill level 1 in Axes
  1021 | D:2      | Reached skill level 1 in Maces & Flails
  1021 | D:2      | Reached skill level 1 in Staves
  1021 | D:2      | Reached skill level 1 in Slings
  1021 | D:2      | Reached skill level 1 in Bows
  1021 | D:2      | Reached skill level 1 in Crossbows
  1021 | D:2      | Reached skill level 1 in Throwing
  1021 | D:2      | Reached skill level 1 in Dodging
  1021 | D:2      | Reached skill level 1 in Stealth
  1021 | D:2      | Reached skill level 1 in Unarmed Combat
  1021 | D:2      | Reached skill level 1 in Spellcasting
  1021 | D:2      | Reached skill level 1 in Evocations
  1155 | D:2      | Noticed Natasha
  1174 | D:2      | Killed Natasha
  1175 | D:2      | Reached XP level 4. HP: 41/41 MP: 5/5
  1231 | D:2      | Noticed Natasha
  1253 | D:2      | Killed Natasha
  1254 | D:2      | Reached skill level 1 in Conjurations
  1254 | D:2      | Reached skill level 1 in Hexes
  1254 | D:2      | Reached skill level 1 in Summonings
  1254 | D:2      | Reached skill level 1 in Necromancy
  1254 | D:2      | Reached skill level 1 in Translocations
  1254 | D:2      | Reached skill level 1 in Transmutations
  1254 | D:2      | Reached skill level 1 in Fire Magic
  1254 | D:2      | Reached skill level 1 in Ice Magic
  1254 | D:2      | Reached skill level 1 in Air Magic
  1254 | D:2      | Reached skill level 1 in Earth Magic
  1254 | D:2      | Reached skill level 1 in Poison Magic
  1400 | D:2      | Found a runed translucent door.
  1401 | D:2      | Noticed Crazy Yiuf
  1496 | D:3      | Reached XP level 5. HP: 47/47 MP: 6/6
  1619 | D:3      | Found a blossoming altar of Fedhas.
  1624 | D:3      | Found a stormy altar of Qazlal.
  1640 | D:3      | Became a worshipper of Qazlal Stormbringer
  1797 | D:3      | Noticed Sigmund
  2831 | D:4      | Noticed Robin
  2840 | D:4      | Killed Robin
  2892 | D:4      | Reached * piety under Qazlal
  2960 | D:4      | Noticed an ogre
  2972 | D:4      | Reached XP level 6. HP: 53/53 MP: 8/8
  3142 | D:4      | Identified a scroll of acquirement
  3142 | D:4      | Acquired 748 gold pieces
  3198 | D:4      | Noticed a black bear
  3274 | D:3      | Killed a black bear
  3275 | D:3      | Reached skill level 5 in Polearms
  3473 | D:4      | Reached XP level 7. HP: 59/59 MP: 10/10
  3579 | D:5      | Entered Level 5 of the Dungeon
  4050 | D:5      | Reached ** piety under Qazlal
  4766 | D:6      | Reached XP level 8. HP: 67/67 MP: 12/12
  4863 | D:6      | Noticed a two-headed ogre
  4938 | D:5      | Slain by a two-headed ogre

Illustrated notes

Levels and vault maps discovered:
D:1:      zaba_arrival_water, layout_rooms
D:2:      layout_rooms, uniq_natasha, uniq_crazy_yiuf_cottage
D:3:      layout_basic, grunt_temple_overflow_forces_of_nature, uniq_sigmund
D:4:      layout_rooms, uniq_robin
D:5:      layout_basic, chequers_mini_garden
D:6:      layout_loops_ring, nemelex_spade_bored_becter,
          okawaru_altar_gauntlet_db, lemuel_coloured_pillars_altar,
          minmay_temple_entry_glassed_door, serial_bayou, serial_bayou_shore_a,
          serial_bayou_pond_c, serial_bayou_lake_a, serial_bayou_ford_a,
          minmay_ogre_servants

Skill      XL: |  1  2  3  4  5  6  7  8 |
---------------+-------------------------+-----
Invocations    | 1 2 3 |  3.4
Short Blades   | 1 2 3 |  3.1
Long Blades    | 1 2 3 |  3.1
Axes           | 1 2 3 |  3.1
Maces & Flails | 1 2 3 |  3.1
Staves         | 1 2 3 |  3.1
Slings         | 1 2 3 |  3.1
Bows           | 1 2 3 |  3.1
Crossbows      | 1 2 3 |  3.1
Throwing       | 1 2 3 |  3.1
Dodging        | 1 2 3 |  3.1
Stealth        | 1 2 3 |  3.1
Unarmed Combat | 1 2 3 |  3.1
Spellcasting   | 1 2 3 |  3.1
Evocations     | 1 2 3 |  3.1
Conjurations   | 1 2 |  2.5
Hexes          | 1 2 |  2.5
Summonings     | 1 2 |  2.5
Necromancy     | 1 2 |  2.5
Translocations | 1 2 |  2.5
Transmutations | 1 2 |  2.5
Fire Magic     | 1 2 |  2.5
Ice Magic      | 1 2 |  2.5
Air Magic      | 1 2 |  2.5
Earth Magic    | 1 2 |  2.5
Poison Magic   | 1 2 |  2.5
Polearms       | 5 |  5.6
Fighting       | 7 |  7.3
Armour         | 7 |  7.3
Shields        | 7 |  7.3

Action                   |  1- 3 |  4- 6 |  7- 9 || total
-------------------------+-------+-------+-------++-------
Melee: Trident           |   117 |   177 |   125 ||   419
       Bite              |     8 |    14 |    16 ||    38
       Dagger            |     4 |       |       ||     4
Throw: Boomerang         |       |     2 |       ||     2
       Dart              |       |    12 |    14 ||    26
  Use: Scroll            |     5 |    11 |     1 ||    17
Armor: Scale mail        |    36 |       |       ||    36
       Plate armour      |     5 |   133 |    70 ||   208
       Chain mail        |     1 |       |       ||     1
Dodge: Dodged            |    20 |    23 |    23 ||    66
Block: Kite shield       |    58 |    98 |    78 ||   234

Table legend: (Time is in decaauts)
 A = Elapsed time spent in this place.
 B = Non-inter-level travel time spent in this place.
 C = Inter-level travel time spent in this place.
 D = Time resting spent in this place.
 E = Time spent auto-exploring this place.
 F = Levels seen in this place.
 G = Mean time per level.
                   A        B        C        D        E       F      G
               +--------+--------+--------+--------+--------+-----+--------+
         Total |   5054 |   4780 |    274 |      0 |   3575 |   6 |  842.3 |
       Dungeon |   5054 |   4780 |    274 |      0 |   3575 |   6 |  842.3 |
               +--------+--------+--------+--------+--------+-----+--------+

Top non-repeatable levels by time:
     D:3: 1465 daAuts
     D:5: 1066 daAuts
     D:1: 807 daAuts
     D:2: 727 daAuts
     D:4: 666 daAuts
     D:6: 320 daAuts
